 Dungeon Crawl Stone Soup version 0.19.1 (webtiles) character file.

369331 JeffiDaFish the Peltast (level 22, -12/148 HPs)
             Began as a Gargoyle Fighter on Nov 29, 2016.
             Was the Champion of Makhleb.
             Mangled by a vault warden
             ... wielding a +1 long sword of slicing
              (25 damage)
             ... on level 5 of the Vaults on Nov 30, 2016.
             The game lasted 02:18:54 (36688 turns).

JeffiDaFish the Peltast (Gargoyle Fighter)         Turns: 36688, Time: 02:18:55

Health: -12/148    AC: 62    Str: 26    XL:     22   Next: 63%
Magic:  38/38      EV:  9    Int:  9    God:    Makhleb [******]
Gold:   1372       SH: 19    Dex: 24    Spells: 3 memorised, 29 levels left

rFire  + + .     SeeInvis +     y - +9 morningstar (crush)
rCold  + . .     Gourm    .     q - +11 plate armour of Contentment {SInv}
rNeg   + . .     Faith    .     N - +2 shield of Resistance {rF+ rC+ MR+}
rPois  ∞         Spirit   .     n - +2 helmet
rElec  +         Reflect  .     h - +2 cloak
rCorr  +         Harm     .     I - +2 pair of gloves {Dex+3}
MR     ++...                    x - +1 pair of boots
Stlth  ..........               g - amulet of regeneration
                                m - +6 ring of dexterity
                                e - ring of resist corrosion

@: about to teleport, flying, very slightly contaminated
A: big wings, talons 1, thin metallic scales 1, agile 1, fire resistance 1,
negative energy resistance 1, electricity resistance, unbreathing, petrification
resistance, rot immunity, AC +16
a: Stop Flying, Minor Destruction, Lesser Servant of Makhleb, Major Destruction,
Greater Servant of Makhleb, Renounce Religion
}: 2/15 runes: barnacled, gossamer


You were on level 5 of the Vaults.
You worshipped Makhleb.
Makhleb was exalted by your worship.
You were not hungry.

You visited 7 branches of the dungeon, and saw 37 of its levels.
You visited the Abyss 3 times.
You also visited: Sewer.

You collected 4135 gold pieces.
You spent 2763 gold pieces at shops.

Inventory:

Hand Weapons
 c - a +4 demon whip of venom
 y - a +9 morningstar of crushing (weapon)
Armour
 h - a +2 cloak (worn)
 n - a +2 helmet (worn)
 q - the +11 plate armour of Contentment (worn) {SInv}
   (You bought it in a shop on level 2 of the Orcish Mines)

   It lets you see invisible.
 x - a +1 pair of boots (worn)
 I - a +2 pair of gloves of dexterity (worn)
 N - the +2 shield of Resistance (worn) {rF+ rC+ MR+}
   (You bought it in a shop on level 2 of the Shoals)

   It protects you from fire.
   It protects you from cold.
   It affects your resistance to hostile enchantments.
Jewellery
 e - a ring of resist corrosion (left hand)
 g - an amulet of regeneration (around neck)
 m - a +6 ring of dexterity (right hand)
Wands
 r - a wand of teleportation (0/9)
 F - a wand of teleportation (5/9)
 M - a wand of hasting (5/9)
Scrolls
 a - 16 scrolls of remove curse
 d - 7 scrolls of recharging
 i - 2 scrolls of magic mapping
 C - 9 scrolls of amnesia
 E - 13 scrolls of identify
 H - 7 scrolls of teleportation
 P - a scroll of silence
 U - a scroll of summoning
Potions
 p - a potion of cure mutation
 t - 2 potions of ambrosia
 u - 5 potions of brilliance
 v - 4 potions of curing
 w - a potion of might
 z - 4 potions of flight
 A - 4 potions of haste
 D - 2 potions of cancellation
 G - 4 potions of invisibility
 K - a potion of magic
Books
 o - a book of Cantrips

   Spells                             Type                      Level
   a - Confusing Touch                Hexes                        1
   b - Animate Skeleton               Necromancy                   1
   c - Summon Small Mammal            Summoning                    1
   d - Apportation                    Translocation                1
 s - a Necronomicon

   Spells                             Type                      Level
   a - Haunt                          Necromancy/Summoning         7
   b - Borgnjor's Revivification      Necromancy                   8
   c - Death's Door                   Charms/Necromancy            8
   d - Infestation                    Necromancy                   8
   e - Necromutation                  Transmutation/Necromancy     8
 O - a book of Misfortune

   Spells                             Type                      Level
   a - Confusing Touch                Hexes                        1
   b - Confuse                        Hexes                        3
   c - Gell's Gravitas                Hexes/Translocation          3
   d - Petrify                        Transmutation/Earth          4
   e - Metabolic Englaciation         Hexes/Ice                    5
   f - Yara's Violent Unravelling     Hexes/Transmutation          5
 Q - a book of Conjurations

   Spells                             Type                      Level
   a - Magic Dart                     Conjuration                  1
   b - Searing Ray                    Conjuration                  2
   c - Dazzling Spray                 Conjuration/Hexes            3
   d - Fulminant Prism                Conjuration/Hexes            4
   e - Iskenderun's Mystic Blast      Conjuration                  4
   f - Iskenderun's Battlesphere      Conjuration/Charms           5
Comestibles
 b - 11 beef jerkies
 f - 13 bread rations
 j - 18 meat rations
 k - 11 slices of pizza
 l - 66 fruits
 B - 3 royal jellies
 L - 2 chunks of flesh


   Skills:
 * Level 18.4 Fighting
 * Level 17.4 Maces & Flails
 * Level 18.6 Armour
 - Level 0.8 Dodging
 * Level 18.6 Shields
 + Level 12.0 Spellcasting
 + Level 5.9 Summonings
 + Level 10.5 Necromancy


You had 29 spell levels left.
You knew the following spells:

 Your Spells              Type           Power        Failure   Level  Hunger
a - Animate Skeleton      Necr           N/A          1%          1    None
b - Infestation           Necr           ###.......   100%        8    #######
c - Haunt                 Necr/Summ      ###.......   100%        7    #######


Dungeon Overview and Level Annotations

Branches:
Dungeon (15/15)            Temple (1/1) D:7            Lair (6/6) D:8
 Shoals (4/4) Lair:3       Spider (4/4) Lair:4        Slime (0/5) Lair:5
    Orc (2/2) D:10            Elf (0/3) Orc:2        Vaults (5/5) D:14
  Crypt (0/3) Vaults:2     Depths (0/5) D:15

Altars:
Ashenzari
Cheibriados
Dithmenos
Elyvilon
Fedhas
Gozag
Hepliaklqana
Kikubaaqudgha
Makhleb
Qazlal
Ru
Sif Muna
Trog
Vehumet
Xom
Yredelemnul
Zin
The Shining One
Jiyva

Shops:
D:10 [   D:14 !   Orc:2 ([%%:   Shoals:1 }?%   Shoals:2 [   Vaults:2 ?
Vaults:4 :

Annotations:
D:14 Sonja
Spider:4 exclusion: Roxanne, Roxanne


Innate Abilities, Weirdness & Mutations

You are resistant to torment.
Your stone body is resilient. (AC +16)
You are immune to poison.
Your large and strong wings let you fly indefinitely.
You resist negative energy. (rN+)
You are resistant to electric shocks. (rElec)
You can survive without breathing.
You are immune to petrification.
You are immune to rotting.
You have sharp toenails.
You are partially covered in thin metallic scales. (AC +2)
You are agile. (Dex +2)
Your flesh is heat resistant. (rF+)


Message History

* * * LOW HITPOINT WARNING * * *
The deep elf elementalist mumbles some strange words.
You hear a shout!
A fire giant and a battlesphere come into view.
The fire giant is wielding a great sword of flaming.
You feel better.
The deep elf demonologist casts a spell.
You block the vault warden's attack.
The titan waves its arms in wide circles.
The air twists around and violently strikes you in flight!
* * * LOW HITPOINT WARNING * * *
You block the orc knight's attack.
The ironbrand convoker points at the vault warden and mumbles some strange words.
The vault warden seems to grow stronger.
You block the tengu reaver's attack.
The tengu reaver pecks you but does no damage.
The tengu reaver barely misses you.
You feel better.
The vault warden hits you with a long sword of slicing!!
You die...

############
#...ppcC....
#[D@opHXC...
#.LQQ##########
#.*DQCQT(*4D4.#
#..#*CQ**.#e..#
#..#*CCe.##...#
#.p#c2.e.# e?.#
#..#....## ...#
#.T#..### ..##
#..#### ..#


You could see a shadow dragon, a tentacled monstrosity, an ironheart preserver,
a titan, an ancient lich, 2 fire giants, a quicksilver dragon, a sphinx, 2 stone
giants, a vault warden, 5 tengu reavers, 2 yaktaur captains, an orc knight, an
ettin, a deep elf elementalist, a shadow demon, a deep elf demonologist, 2
ironbrand convokers, a deep troll shaman and 5 battlespheres.

Vanquished Creatures
  Mara (Shoals:3)
  Nikola (Spider:4)
  A tentacled monstrosity (Vaults:4)
  A lich (Abyss:2)
  Asterion (Spider:1)
  3 sphinxes
  Frances (Shoals:1)
  Agnes (Spider:2)
  Donald (Shoals:4)
  Ilsuiw (Shoals:3)
  11 vault wardens
  4 ghost moths
  A deep elf sorcerer (Vaults:1)
  3 frost giants
  A fire giant (Vaults:4)
  4 emperor scorpions (Spider:4)
  15 ironheart preservers
  2 very ugly things
  7 stone giants
  5 entropy weavers
  Nessos (Lair:5)
  A deep elf annihilator (Vaults:2)
  3 deep elf demonologists
  The ghost of pkoi the Grappler, a journeyman DrMo of Makhleb (Lair:6)
  5 merfolk javelineers
  A deep elf death mage (Vaults:4)
  A spark wasp (Spider:4)
  An ettin (Vaults:3)
  A blizzard demon (Abyss:2)
  6 merfolk impalers
  3 fire dragons
  Snorg (D:12)
  13 ogre magi
  Harold (D:12)
  11 yaktaur captains
  Erolcha (Orc:2)
  4 great orbs of eyes
  A rakshasa (Vaults:3)
  38 vault guards
  Fannar (Lair:3)
  2 hydras
  6 ice dragons
  5 merfolk avatars
  8 merfolk aquamancers
  4 centaur warriors
  Erica (D:11)
  A death knight (Vaults:2)
  2 catoblepae
  2 satyrs (Shoals:4)
  A queen ant (shapeshifter) (Abyss:3)
  A titan zombie (Vaults:4)
  2 deep troll earth magi (Vaults:4)
  A death yak (Shoals:2)
  8 death scarabs (Spider:4)
  7 thrashing horrors
  5 orc high priests (Orc:2)
  A fire crab (shapeshifter) (Vaults:1)
  5 deep elf knights
  2 storm dragon zombies (Vaults:4)
  Nergalle (Lair:3)
  5 skeletal warriors (D:14)
  7 slime creatures
  The ghost of Enzo the Slasher, a novice DEFi of Hepliaklqana (D:10)
  The ghost of Janus the Shield-Bearer, a novice FoFi of Uskayaw (D:6)
  A wretched star (Abyss:3)
  A sixfirhy (Abyss:2)
  2 unseen horrors
  A glowing orange brain (shapeshifter) (Vaults:4)
  3 flayed ghosts
  A glowing orange brain (Vaults:2)
  9 sea snakes
  An unseen horror (shapeshifter) (Vaults:4)
  10 deep elf archers
  A spatial maelstrom (Abyss:3)
  3 starcursed masses (Abyss:3)
  6 hill giants
  15 deep trolls
  3 spectral wolf spiders (Spider:4)
  8 wizards
  2 necromancers
  14 harpies
  Pikel (D:5)
  16 ironbrand convokers
  11 orc knights
  42 wolf spiders
  14 deep elf magi
  A phantasmal warrior (Vaults:4)
  A stone giant zombie (Vaults:4)
  19 ugly things
  22 orb spiders
  6 manticores
  5 wolf spider zombies
  A frost giant zombie (Vaults:4)
  18 fauns
  4 moths of wrath
  6 cyclopes
  5 sirens
  7 elephants
  12 vault sentinels
  A black mamba (shapeshifter) (Vaults:1)
  5 black mambas
  A guardian serpent (shapeshifter) (Vaults:1)
  10 water nymphs
  3 centaur skeletons
  3 gargoyles
  14 spiny frogs
  A smoke demon (Abyss:2)
  3 spectral redbacks (Spider:4)
  2 rime drakes (Lair:6)
  2 hellions
  7 freezing wraiths
  5 kobold demonologists
  A rime drake (shapeshifter) (Vaults:1)
  27 yaktaurs
  A tengu conjurer (D:11)
  10 demonic crawlers
  A redback zombie (Spider:4)
  29 jumping spiders
  12 komodo dragons
  8 trolls
  The ghost of christhawk the Chopper, an amateur MiFi (D:4)
  3 wind drakes
  7 polar bears
  2 tarantella zombies (Spider:4)
  29 merfolk
  A spectral tarantella (Spider:4)
  A hornet (shapeshifter) (Vaults:3)
  7 spectral jumping spiders (Spider:4)
  25 two-headed ogres
  10 hippogriffs
  A sphinx simulacrum (Vaults:3)
  Grinder (D:5)
  4 snapping turtles
  3 dream sheep (Shoals:3)
  2 jumping spider zombies (Spider:4)
  12 hornets
  10 blink frogs
  3 raiju (Abyss:3)
  56 redbacks
  35 tarantellas
  A vampire (D:15)
  A yak (shapeshifter) (Vaults:1)
  11 spriggans (Lair:6)
  A large abomination (Abyss:2)
  9 water elementals
  3 wraiths (Spider:1)
  52 yaks
  5 wyverns
  6 fire bats (Abyss:3)
  7 chaos spawn
  2 basilisks
  A neqoxec (Abyss:2)
  2 human simulacra (Vaults:3)
  5 vampire mosquitoes
  A hog (shapeshifter) (Vaults:2)
  2 hungry ghosts
  4 mottled dragons
  A steam dragon (D:11)
  4 wargs
  A hell hound (shapeshifter) (Vaults:4)
  7 water moccasins
  Duvessa (D:6)
  3 hornet zombies
  4 small abominations
  7 porcupines
  Purgy (Sewer)
  39 orc warriors
  2 spectral hornets (Spider:4)
  3 eyes of draining
  7 ice beasts
  A sky beast (D:8)
  A necrophage (D:9)
  2 phantoms
  4 black bears (Lair:6)
  34 ogres
  A human zombie (Vaults:3)
  3 boggarts (Lair:6)
  23 wolves (Lair:6)
  23 centaurs
  Blork the orc (D:12)
  5 big kobolds
  19 bullfrogs
  22 crocodiles
  A deep troll simulacrum (Vaults:3)
  Dowan (D:6)
  6 scorpions
  2 wyvern skeletons
  3 wights (D:8)
  22 killer bees
  2 electric eels
  3 howler monkeys (D:8)
  5 crimson imps
  5 centaur zombies
  A quasit (D:9)
  7 hounds
  30 orc priests
  2 bullfrog skeletons
  A gnoll shaman (D:6)
  2 jellies
  15 orc wizards
  7 iguanas
  5 worker ants
  A killer bee zombie (D:9)
  A hound skeleton (D:6)
  2 worker ant zombies
  15 gnolls
  8 adders
  3 river rats (D:8)
  5 shadow imps
  An ufetubus (Abyss:2)
  An ooze (D:7)
  2 adder zombies (D:9)
  3 adder skeletons
  5 worms
  A dart slug (D:3)
  11 leopard geckos
  87 orcs
  A ball python (D:5)
  6 giant cockroaches
  5 goblins
  5 hobgoblins
  12 jackals
  17 kobolds
  8 quokkas
  18 bats
  6 frilled lizards
  2 quokka skeletons (D:4)
  18 rats
1566 creatures vanquished.

Vanquished Creatures (collateral kills)
  Polyphemus (Shoals:2)
  A vault warden (Vaults:1)
  A frost giant (Vaults:5)
  A deep elf sorcerer (Vaults:1)
  A war gargoyle (Vaults:4)
  An ironheart preserver (Vaults:1)
  A stone giant (Vaults:2)
  An entropy weaver (Vaults:3)
  A fire dragon (Vaults:1)
  Josephine (Spider:1)
  A great orb of eyes (Vaults:1)
  2 vault guards (Vaults:4)
  2 centaur warriors
  An ogre mage (Vaults:1)
  A death yak (Shoals:2)
  A deep elf knight (Vaults:4)
  3 sea snakes (Shoals:4)
  A deep troll (Vaults:2)
  A deep elf archer (Vaults:4)
  An ironbrand convoker (Vaults:4)
  2 orc knights
  A harpy (Shoals:4)
  A cyclops (Shoals:3)
  A deep elf mage (Vaults:4)
  5 ugly things
  A manticore (Shoals:2)
  A siren (Shoals:4)
  A yaktaur (Vaults:3)
  2 wind drakes
  3 merfolk
  2 jumping spiders (Spider:1)
  2 two-headed ogres
  4 water elementals
  2 wraiths (Spider:1)
  4 redbacks
  2 orc warriors (Orc:2)
  An elf zombie (Vaults:3)
  2 orc priests (Orc:2)
  An orc wizard (Orc:1)
  12 orcs
  A plant (Shoals:2)
75 creatures vanquished.

Vanquished Creatures (others)
  An orb spider (Spider:4)
  A demonic crawler (Spider:2)
  A merfolk (Shoals:4)
  A redback (Spider:1)
  A slave (D:5)
  3 ogres
  A crocodile (Lair:5)
  A worker ant (D:5)
  An adder (D:5)
  6 fungi
  4 plants
  7 starspawn tentacles (Abyss:2)
28 creatures vanquished.

Grand Total: 1669 creatures vanquished

Notes
Turn   | Place    | Note
-------+----------+-------------------------------------------
     0 | D:1      | JeffiDaFish the Gargoyle Fighter began the quest for the Orb.
     0 | D:1      | Reached XP level 1. HP: 14/14 MP: 1/1
    70 | D:1      | Reached XP level 2. HP: 17/19 MP: 2/2
   500 | D:1      | Reached XP level 3. HP: 22/23 MP: 3/3
  1002 | D:2      | Reached XP level 4. HP: 28/28 MP: 4/4
  1950 | D:3      | Reached XP level 5. HP: 33/33 MP: 5/5
  2018 | D:3      | Learned a level 1 spell: Animate Skeleton
  2217 | D:3      | Found a glowing golden altar of the Shining One.
  2449 | D:3      | Found a glowing drain.
  2453 | Sewer    | Entered a sewer
  2606 | Sewer    | Noticed Purgy
  2618 | Sewer    | Killed Purgy
  2618 | Sewer    | Reached XP level 6. HP: 32/38 MP: 5/7
  2892 | D:4      | Noticed christhawk's ghost (amateur MiFi)
  2906 | D:4      | Killed christhawk's ghost
  2906 | D:4      | Reached skill level 5 in Shields
  2906 | D:4      | Reached skill level 1 in Spellcasting
  2906 | D:4      | Reached skill level 1 in Necromancy
  2906 | D:4      | Reached XP level 7. HP: 41/44 MP: 8/8
  3481 | D:5      | Entered Level 5 of the Dungeon
  3633 | D:5      | Reached skill level 5 in Armour
  3790 | D:5      | Noticed Pikel
  3824 | D:5      | Killed Pikel
  3824 | D:5      | Reached skill level 5 in Fighting
  3824 | D:5      | Reached XP level 8. HP: 44/50 MP: 9/11
  3989 | D:5      | Noticed Grinder
  3989 | D:5      | Paralysed by Grinder for 6 turns
  4006 | D:5      | Killed Grinder
  4006 | D:5      | Reached skill level 5 in Maces & Flails
  4063 | D:5      | Found Hacot's Armour Shop.
  4260 | D:6      | Noticed Duvessa
  4262 | D:6      | Noticed Dowan
  4278 | D:6      | Killed Duvessa
  4278 | D:6      | Reached XP level 9. HP: 53/55 MP: 11/13
  4282 | D:6      | Killed Dowan
  4501 | D:6      | Noticed Janus's ghost (novice FoFi)
  4540 | D:6      | Killed Janus's ghost
  4839 | D:7      | Found a staircase to the Ecumenical Temple.
  4863 | Temple   | Entered the Ecumenical Temple
  4899 | Temple   | Became a worshipper of Makhleb the Destroyer
  5381 | D:8      | Reached * piety under Makhleb
  5390 | D:8      | Reached XP level 10. HP: 63/63 MP: 15/15
  5474 | D:8      | Found a staircase to the Lair.
  5841 | D:8      | Reached ** piety under Makhleb
  6152 | Lair:1   | Entered Level 1 of the Lair of Beasts
  6261 | Lair:1   | Noticed a spiny frog
  6276 | Lair:1   | Killed a spiny frog
  6391 | Lair:1   | Reached XP level 11. HP: 59/69 MP: 17/17
  7290 | Lair:2   | Reached *** piety under Makhleb
  8390 | Lair:3   | Reached skill level 10 in Armour
  8514 | Lair:3   | Noticed Nergalle
  8522 | Lair:3   | Killed Nergalle
  8522 | Lair:3   | Reached skill level 10 in Shields
  8522 | Lair:3   | Reached skill level 5 in Spellcasting
  8522 | Lair:3   | Reached XP level 12. HP: 70/77 MP: 19/19
  8611 | Lair:3   | Noticed Fannar
  8612 | Lair:3   | Noticed a merfolk impaler
  8916 | Lair:3   | Killed Fannar
  8916 | Lair:3   | Reached skill level 10 in Fighting
  8943 | Lair:3   | Killed a merfolk impaler
  9101 | Lair:3   | Found a staircase to the Shoals.
  9456 | Lair:4   | Reached skill level 5 in Necromancy
  9585 | Lair:4   | Reached **** piety under Makhleb
  9609 | Lair:4   | Reached skill level 10 in Maces & Flails
  9788 | Lair:4   | Reached XP level 13. HP: 84/84 MP: 20/22
  9945 | Lair:4   | Found a hole to the Spider Nest.
 10282 | Lair:5   | Noticed Nessos
 10323 | Lair:5   | Killed Nessos
 10675 | Lair:5   | Found a viscous altar of Jiyva.
 10675 | Lair:5   | Found a staircase to the Slime Pits.
 11154 | Lair:6   | Entered Level 6 of the Lair of Beasts
 11244 | Lair:6   | Noticed pkoi's ghost (journeyman DrMo)
 11266 | Lair:6   | Killed pkoi's ghost
 11431 | Lair:6   | Reached ***** piety under Makhleb
 12094 | Lair:6   | Gained mutation: Your large and strong wings let you fly indefinitely. [Gargoyle growth]
 12094 | Lair:6   | Reached XP level 14. HP: 91/91 MP: 24/24
 13530 | D:10     | Entered Level 10 of the Dungeon
 13684 | D:10     | Found Far Cysyg's Antique Armour Boutique.
 13717 | D:10     | Reached ****** piety under Makhleb
 13779 | D:10     | Noticed Enzo's ghost (novice DEFi)
 13802 | D:10     | Killed Enzo's ghost
 14104 | D:10     | Found a staircase to the Orcish Mines.
 14351 | D:10     | Got a slimy garnet amulet
 14370 | D:10     | Identified the amulet of Riqi {Harm *Drain MR+++ Str-5 Dex+4} (You found it on level 10 of the Dungeon)
 15397 | D:11     | Noticed Erica
 15407 | D:11     | Killed Erica
 15531 | D:12     | Noticed Snorg
 15573 | D:12     | Killed Snorg
 15634 | D:12     | Noticed Harold
 15666 | D:12     | Killed Harold
 15902 | D:12     | Noticed Blork the orc
 15908 | D:12     | Killed Blork the orc
 15910 | D:12     | Found a deep blue altar of Sif Muna.
 17205 | D:14     | Noticed Sonja
 17285 | D:14     | Reached XP level 15. HP: 79/97 MP: 26/26
 17417 | D:14     | Found a gate to the Vaults.
 17472 | D:14     | Found Ruragra's Distillery.
 17518 | D:14     | Found a sacrificial altar of Ru.
 17570 | D:14     | Reached XP level 16. HP: 104/104 MP: 26/28
 17571 | D:14     | Gained mutation: You have sharp toenails. [potion of beneficial mutation]
 17856 | D:15     | Entered Level 15 of the Dungeon
 18611 | D:15     | Found a staircase to the Depths.
 18789 | Orc:1    | Entered Level 1 of the Orcish Mines
 18842 | Orc:1    | Found a burning altar of Makhleb.
 19084 | Orc:2    | Entered Level 2 of the Orcish Mines
 19176 | Orc:2    | Found Kiemuxup's Weapon Boutique.
 19269 | Orc:2    | Found a staircase to the Elven Halls.
 19737 | Orc:2    | Noticed Erolcha
 19781 | Orc:2    | Killed Erolcha
 19838 | Orc:2    | Found Lezierch's Antique Armour Shop.
 19838 | Orc:2    | Found Zawkuc's Food Shop.
 19839 | Orc:2    | Found Ylinaepuu's Food Boutique.
 19839 | Orc:2    | Found Oguiczom's Book Shop.
 19856 | Orc:2    | Bought a Necronomicon for 1214 gold pieces
 19865 | Orc:2    | Learned a level 8 spell: Infestation
 20084 | Orc:2    | Bought an encrusted plate armour for 616 gold pieces
 20094 | Orc:2    | Identified the +11 plate armour of Contentment {SInv} (You bought it in a shop on level 2 of the Orcish Mines)
 20350 | Spider:1 | Entered Level 1 of the Spider Nest
 20380 | Spider:1 | Gained mutation: You are agile. (Dex +2) [potion of beneficial mutation]
 20581 | Spider:1 | Noticed Asterion
 20601 | Spider:1 | Killed Asterion
 20704 | Spider:1 | Noticed Josephine
 20717 | Spider:1 | Killed Josephine
 20857 | Spider:1 | Reached XP level 17. HP: 111/111 MP: 29/29
 21952 | Spider:2 | Identified the Disquisition on Companions and Changing
 22431 | Spider:2 | Noticed Agnes
 22444 | Spider:2 | Killed Agnes
 23246 | Spider:3 | Reached skill level 15 in Armour
 23356 | Spider:3 | Gained mutation: Your flesh is heat resistant. (rF+) [potion of mutation]
 23356 | Spider:3 | Gained mutation: You are partially covered in thin metallic scales. (AC +2) [potion of mutation]
 23521 | Spider:4 | Entered Level 4 of the Spider Nest
 23548 | Spider:4 | Reached skill level 15 in Shields
 23629 | Spider:4 | Noticed Nikola
 23644 | Spider:4 | Killed Nikola
 23872 | Spider:4 | Reached XP level 18. HP: 63/118 MP: 9/31
 23923 | Spider:4 | Reached skill level 15 in Fighting
 24449 | Spider:4 | Got a gossamer rune of Zot
 24596 | Spider:4 | Noticed Roxanne
 25072 | Shoals:1 | Entered Level 1 of the Shoals
 25080 | Shoals:1 | Found Ehacoem's Magic Scroll Shoppe.
 25175 | Shoals:1 | Bought a scroll of enchant weapon for 97 gold pieces
 25175 | Shoals:1 | Bought a scroll of enchant armour for 97 gold pieces
 25235 | Shoals:1 | Found Tibriet's Food Shoppe.
 25379 | Shoals:1 | Noticed Frances
 25391 | Shoals:1 | Killed Frances
 25475 | Shoals:1 | Reached skill level 10 in Spellcasting
 25556 | Shoals:1 | Found Viliux's Gadget Shoppe.
 25678 | Shoals:1 | Cast into level 2 of the Abyss (faun)
 25678 | Abyss:2  | Found a corrupted altar of Lugonu.
 25696 | Abyss:2  | Got crude gold dragon scales
 25707 | Abyss:2  | Identified the +5 gold dragon scales of Intuition {+Blink rPois rF+ rC+ rN++ Dex-2} (You found it on level 2 of the Abyss)
 25784 | Abyss:2  | Noticed a lich
 25799 | Abyss:2  | Killed a lich
 25844 | Abyss:2  | Found a runed door.
 25887 | Abyss:2  | Found a corrupted altar of Lugonu.
 25951 | Abyss:2  | Found a corrupted altar of Lugonu.
 26057 | Shoals:1 | Escaped the Abyss
 26546 | Shoals:2 | Reached XP level 19. HP: 125/125 MP: 33/33
 26700 | Shoals:2 | Noticed Polyphemus
 26716 | Shoals:2 | Killed Polyphemus
 27009 | Shoals:2 | Found Oqosy's Armour Shoppe.
 27017 | Shoals:2 | Bought the +2 shield of Resistance {rF+ rC+ MR+} for 739 gold pieces
 27174 | Shoals:3 | Noticed Ilsuiw
 27207 | Shoals:3 | Killed Ilsuiw
 27213 | Shoals:3 | Reached skill level 15 in Maces & Flails
 27626 | Shoals:3 | Noticed Mara
 27643 | Shoals:3 | Noticed JeffiDaFish's illusion
 27707 | Shoals:3 | Killed Mara
 28081 | Shoals:4 | Entered Level 4 of the Shoals
 28464 | Shoals:4 | Noticed Donald
 28488 | Shoals:4 | Killed Donald
 28866 | Shoals:4 | Got a barnacled rune of Zot
 29600 | Vaults:1 | Entered Level 1 of the Vaults
 29658 | Vaults:1 | Learned a level 7 spell: Haunt
 29872 | Vaults:1 | Reached skill level 1 in Summonings
 30055 | Vaults:1 | Reached XP level 20. HP: 132/132 MP: 34/34
 32213 | Vaults:2 | Found Axodunt's Magic Scroll Emporium.
 32225 | Vaults:2 | Reached XP level 21. HP: 139/139 MP: 36/36
 32288 | Vaults:2 | Found a staircase to the Crypt.
 32994 | Vaults:3 | Cast into level 3 of the Abyss (vault guard)
 33031 | Abyss:3  | Reached skill level 10 in Necromancy
 33153 | Vaults:3 | Escaped the Abyss
 33323 | Vaults:3 | Cast into level 2 of the Abyss (vault guard)
 33385 | Vaults:3 | Escaped the Abyss
 34607 | Vaults:4 | Found Boalotan's Book Emporium.
 35040 | Vaults:4 | Reached skill level 5 in Summonings
 35185 | Vaults:4 | Reached XP level 22. HP: 147/147 MP: 37/37
 36063 | Vaults:5 | Entered Level 5 of the Vaults
 36566 | Vaults:5 | Noticed an ancient lich
 36611 | Vaults:5 | Noticed a golden dragon
 36659 | Vaults:5 | Noticed a golden dragon
 36683 | Vaults:5 | HP: 7/148 [ettin/dire flail (21)]
 36687 | Vaults:5 | HP: 2/148 [titan/the air (18)]
 36688 | Vaults:5 | Mangled by a vault warden

Skill      XL: |  1  2  3  4  5  6  7  8  9 10 11 12 13 14 15 16 17 18 19 20 21 22 |
---------------+-------------------------------------------------------------------+-----
Shields        | 4 5 6 7 8 10 11 12 13 14 15 16 17 18 | 18.6
Maces & Flails | 3 4 5 6 7 9 10 11 12 13 14 15 16 17 | 17.4
Armour         | 4 5 6 7 8 10 11 12 13 14 15 16 17 18 | 18.6
Fighting       | 4 5 6 7 8 9 10 11 12 13 14 15 16 17 18 | 18.4
Spellcasting   | 1 2 3 4 5 6 7 8 9 10 11 12 | 12.0
Necromancy     | 1 2 3 4 5 6 7 8 9 10 | 10.5
Summonings     | 1 3 5 |  5.9
Dodging        | |  0.8

Action                   |  1- 3 |  4- 6 |  7- 9 | 10-12 | 13-15 | 16-18 | 19-21 | 22-24 || total
-------------------------+-------+-------+-------+-------+-------+-------+-------+-------++-------
Melee: Flail             |   164 |   174 |   102 |       |       |       |       |       ||   440
       Whip              |       |       |   372 |   128 |       |       |       |       ||   500
       Morningstar       |       |       |       |   561 |  1144 |  1908 |  2042 |   414 ||  6069
       Demon whip        |       |       |       |       |       |       |     6 |       ||     6
 Cast: Animate Skeleton  |       |       |       |       |       |    52 |   139 |    29 ||   220
 Abil: Fly               |       |       |       |       |     1 |       |       |       ||     1
Evoke: Wand              |       |       |       |     1 |       |       |       |       ||     1
  Use: Scroll            |     4 |     6 |     7 |     3 |     8 |    11 |     6 |     4 ||    49
       Potion            |     2 |     9 |     3 |     1 |     4 |     5 |     5 |     5 ||    34
 Stab: Invisible         |       |     3 |       |       |       |       |       |       ||     3
       Distracted        |       |       |       |       |       |     4 |    13 |     4 ||    21
       Petrifying        |       |       |       |       |       |       |     1 |       ||     1
  Eat: Chunk             |     1 |     6 |     9 |    14 |    25 |    33 |    29 |     6 ||   123
       Fruit             |       |       |       |     2 |     1 |     2 |     1 |       ||     6
       Royal jelly       |       |       |       |       |     1 |       |       |       ||     1
Armor: Scale mail        |   143 |   106 |       |       |       |       |       |       ||   249
       Chain mail        |       |     7 |   229 |   192 |       |       |       |       ||   428
       Plate armour      |       |       |       |   305 |   908 |  2504 |  1199 |   500 ||  5416
Dodge: Dodged            |    86 |    65 |   108 |   232 |   361 |  1000 |   488 |   166 ||  2506
Block: Shield            |   110 |   132 |   290 |   567 |  1039 |  2308 |  1854 |   555 ||  6855
